| TOP OF THE 1ST |
|
Detroit Tigers batting - Pitching for St. Louis Cardinals : LHP John Fisher
|
|
Pitching: LHP John Fisher
|
|
|
Batting: RHB Adrian Novakovic
|
0-0: Ball 1-0: Ball 2-0: Ball 3-0: Called Strike 3-1: Ground out 6-3 (Groundball, 6, EV 90.6 MPH)
|
|
Batting: RHB Dave Reynolds
|
0-0: Ball 1-0: Foul Ball, location: 2F 1-1: Called Strike 1-2: Ball 2-2: Foul Ball, location: 2F 2-2: Foul Ball, location: 2F 2-2: Fly out, F7 (Flyball, 7D, EV 91.9 MPH)
|
|
Batting: RHB Chris Wheatley
|
0-0: Ball 1-0: Called Strike 1-1: Called Strike 1-2: Foul Ball, location: 2F 1-2: SINGLE (Line Drive, 4D, EV 108.1 MPH)
|
|
Batting: RHB Greg Harman
|
0-0: Called Strike Chris Wheatley steals 2nd base 0-1: Ground out 4-3 (Groundball, 4M, EV 89.4 MPH)
|
| Top of the 1st over - 0 runs, 1 hit, 0 errors, 1 left on base; Detroit 0 - St. Louis 0 |
| BOTTOM OF THE 1ST |
|
St. Louis Cardinals batting - Pitching for Detroit Tigers : RHP Franz Holzknecht
|
|
Pitching: RHP Franz Holzknecht
|
|
|
Batting: RHB Tenshou Takita
|
0-0: Fly out, F7 (Flyball, 7D, EV 90.6 MPH)
|
|
Batting: RHB Nick Gentzel
|
0-0: Ball 1-0: Ball 2-0: Ball 3-0: Foul Ball, location: 2F 3-1: Foul Ball, location: 2F 3-2: Ground out 4-3 (Groundball, 4, EV 105.6 MPH)
|
|
Batting: LHB Tom Butterbaugh
|
0-0: Ball 1-0: Ball 2-0: Ball 3-0: Base on Balls
|
|
Batting: RHB Pavpv Ivanushkin
|
0-0: Swinging Strike 0-1: Ball 1-1: Swinging Strike 1-2: Ball 2-2: Ball 3-2: Strikes out swinging
|
| Bottom of the 1st over - 0 runs, 0 hits, 0 errors, 1 left on base; Detroit 0 - St. Louis 0 |
| TOP OF THE 2ND |
|
Detroit Tigers batting - Pitching for St. Louis Cardinals : LHP John Fisher
|
|
Batting: RHB Victor Quinones
|
0-0: Ball 1-0: Called Strike 1-1: Foul Ball, location: 2F 1-2: Ball 2-2: Ball 3-2: Base on Balls
|
|
Batting: LHB Brad Turner
|
0-0: Swinging Strike 0-1: Called Strike 0-2: Ball 1-2: 2-RUN HOME RUN (Flyball, 7D, EV 95.0 MPH), Distance : 363 ft
|
|
Batting: SHB Ross Holland
|
0-0: Called Strike 0-1: Ball 1-1: Ground out U3 (Groundball, 34, EV 93.8 MPH)
|
|
Batting: RHB J.J. Basil
|
0-0: Ball 1-0: Called Strike 1-1: Foul Ball, location: 2F 1-2: Ground out 6-3 (Groundball, 6, EV 78.1 MPH)
|
|
Batting: LHB Bill Ford
|
0-0: Ball 1-0: Called Strike 1-1: Ground out 4-3 (Groundball, 4, EV 91.2 MPH)
|
| Top of the 2nd over - 2 runs, 1 hit, 0 errors, 0 left on base; Detroit 2 - St. Louis 0 |
| BOTTOM OF THE 2ND |
|
St. Louis Cardinals batting - Pitching for Detroit Tigers : RHP Franz Holzknecht
|
|
Batting: SHB Hans Mikkelsen
|
0-0: Ball 1-0: Foul Ball, location: 2F 1-1: Foul Ball, location: 2F 1-2: Ball 2-2: Ball 3-2: Strikes out swinging
|
|
Batting: RHB Eric Chotkowski
|
0-0: Called Strike 0-1: Ball 1-1: Ball 2-1: Fly out, F9 (Flyball, 9, EV 73.1 MPH)
|
|
Batting: RHB Fabrice Bertin
|
0-0: Foul Ball, location: 2F 0-1: Swinging Strike 0-2: Ball 1-2: Foul Ball, location: 2F 1-2: Ball 2-2: Ground out 6-3 (Groundball, 56, EV 83.8 MPH)
|
| Bottom of the 2nd over - 0 runs, 0 hits, 0 errors, 0 left on base; Detroit 2 - St. Louis 0 |
| TOP OF THE 3RD |
|
Detroit Tigers batting - Pitching for St. Louis Cardinals : LHP John Fisher
|
|
Batting: RHB Adrian Novakovic
|
0-0: Ball 1-0: Foul Ball, location: 2F 1-1: Called Strike 1-2: Strikes out swinging
|
|
Batting: RHB Dave Reynolds
|
0-0: Ball 1-0: Ball 2-0: Called Strike 2-1: Swinging Strike 2-2: Foul Ball, location: 2F 2-2: SINGLE (Line Drive, 8RS, EV 99.4 MPH)
|
|
Batting: RHB Chris Wheatley
|
0-0: Ball 1-0: Ball 2-0: Ball 3-0: Called Strike 3-1: Called Strike 3-2: Foul Ball, location: 2F 3-2: Fielders Choice at 2nd, 5-4 (Groundball, 5, EV 101.9 MPH)
|
|
Batting: RHB Greg Harman
|
0-0: Foul Ball, location: 2F 0-1: Ball 1-1: Ground out 4-3 (Groundball, 4, EV 99.4 MPH)
|
| Top of the 3rd over - 0 runs, 1 hit, 0 errors, 1 left on base; Detroit 2 - St. Louis 0 |
| BOTTOM OF THE 3RD |
|
St. Louis Cardinals batting - Pitching for Detroit Tigers : RHP Franz Holzknecht
|
|
Batting: RHB Terry Baginski
|
0-0: Ground out 6-3 (Groundball, 6MD, EV 88.8 MPH)
|
|
Batting: RHB Dustin Clark
|
0-0: Ball 1-0: Foul Ball, location: 2F 1-1: Bunt for hit to 15S - play at first, batter OUT! 1-3
|
|
Batting: RHB Tenshou Takita
|
0-0: SINGLE (Groundball, 4MD, EV 101.2 MPH)
|
|
Batting: RHB Nick Gentzel
|
0-0: Ball 1-0: Foul Ball, location: 2F 1-1: Ball 2-1: Ball 3-1: Base on Balls Tenshou Takita to second
|
|
Batting: LHB Tom Butterbaugh
|
0-0: Foul Ball, location: 2F 0-1: Swinging Strike 0-2: Ground out 4-3 (Groundball, 4, EV 88.1 MPH)
|
| Bottom of the 3rd over - 0 runs, 1 hit, 0 errors, 2 left on base; Detroit 2 - St. Louis 0 |
| TOP OF THE 4TH |
|
Detroit Tigers batting - Pitching for St. Louis Cardinals : LHP John Fisher
|
|
Batting: RHB Victor Quinones
|
0-0: Ball 1-0: Called Strike 1-1: Ball 2-1: Ball 3-1: Base on Balls
|
|
Batting: LHB Brad Turner
|
0-0: Called Strike 0-1: SINGLE (Groundball, 13, EV 76.2 MPH) (infield hit) Victor Quinones to second
|
|
Batting: SHB Ross Holland
|
0-0: Called Strike 0-1: Ball 1-1: SINGLE (Groundball, 34D, EV 94.4 MPH) Victor Quinones to third Brad Turner to second
|
|
Batting: RHB J.J. Basil
|
0-0: Called Strike 0-1: Ball 1-1: Called Strike 1-2: Ball 2-2: Foul Ball, location: 2F 2-2: Ball 3-2: Strikes out swinging
|
|
Batting: LHB Bill Ford
|
0-0: Called Strike 0-1: Ball 1-1: Ball 2-1: Ball 3-1: Foul Ball, location: 2F 3-2: Fly out, F9 (Flyball, 89D, EV 100.6 MPH) Runner from 3rd tags up, SCORES, throw by RF Brad Turner to third
|
|
Batting: RHB Adrian Novakovic
|
0-0: Fly out, F9 (Flyball, 89M, EV 75.6 MPH)
|
| Top of the 4th over - 1 run, 2 hits, 0 errors, 2 left on base; Detroit 3 - St. Louis 0 |
| BOTTOM OF THE 4TH |
|
St. Louis Cardinals batting - Pitching for Detroit Tigers : RHP Franz Holzknecht
|
|
Batting: RHB Pavpv Ivanushkin
|
0-0: Ball 1-0: Ball 2-0: Fly out, F9 (Flyball, 9D, EV 101.2 MPH)
|
|
Batting: SHB Hans Mikkelsen
|
0-0: Ball 1-0: Foul Ball, location: 2F 1-1: Ball 2-1: Fly out, F9 (Flyball, 9, EV 88.8 MPH)
|
|
Batting: RHB Eric Chotkowski
|
0-0: Ball 1-0: Ground out 6-3 (Groundball, 6, EV 106.2 MPH)
|
| Bottom of the 4th over - 0 runs, 0 hits, 0 errors, 0 left on base; Detroit 3 - St. Louis 0 |
| TOP OF THE 5TH |
|
Detroit Tigers batting - Pitching for St. Louis Cardinals : LHP John Fisher
|
|
Batting: RHB Dave Reynolds
|
0-0: Ground out 4-3 (Groundball, 4, EV 90.6 MPH)
|
|
Batting: RHB Chris Wheatley
|
0-0: Ball 1-0: Swinging Strike 1-1: Called Strike 1-2: Strikes out looking
|
|
Batting: RHB Greg Harman
|
0-0: Called Strike 0-1: Foul Ball, location: 2F 0-2: Ball 1-2: Ball 2-2: Foul Ball, location: 2F 2-2: Fly out, F8 (Line Drive, 8RM, EV 94.4 MPH)
|
| Top of the 5th over - 0 runs, 0 hits, 0 errors, 0 left on base; Detroit 3 - St. Louis 0 |
| BOTTOM OF THE 5TH |
|
St. Louis Cardinals batting - Pitching for Detroit Tigers : RHP Franz Holzknecht
|
|
Batting: RHB Fabrice Bertin
|
0-0: Ball 1-0: Called Strike 1-1: DOUBLE (Flyball, 89D, EV 93.1 MPH)
|
|
Batting: RHB Terry Baginski
|
0-0: Ball 1-0: Called Strike 1-1: 2-RUN HOME RUN (Flyball, 89XD, EV 94.4 MPH), Distance : 381 ft
|
|
Batting: RHB Dustin Clark
|
0-0: Ground out 5-3 (Groundball, 5, EV 91.9 MPH)
|
|
Batting: RHB Tenshou Takita
|
0-0: Called Strike 0-1: Ball 1-1: Ground out 6-3 (Groundball, 6M, EV 81.2 MPH)
|
|
Batting: RHB Nick Gentzel
|
0-0: Called Strike 0-1: Ball 1-1: Foul Ball, location: 2F 1-2: Ground out 4-3 (Groundball, 4, EV 91.9 MPH)
|
| Bottom of the 5th over - 2 runs, 2 hits, 0 errors, 0 left on base; Detroit 3 - St. Louis 2 |
| TOP OF THE 6TH |
|
Detroit Tigers batting - Pitching for St. Louis Cardinals : LHP John Fisher
|
|
Pitching: RHP Jim Kincaid
|
|
|
Batting: RHB Victor Quinones
|
0-0: Ball 1-0: Called Strike 1-1: Ball 2-1: Swinging Strike 2-2: SINGLE (Flyball, 3D, EV 94.4 MPH)
|
|
Batting: LHB Brad Turner
|
0-0: Called Strike 0-1: Called Strike 0-2: Strikes out swinging
|
|
Batting: SHB Ross Holland
|
0-0: Ball 1-0: Called Strike 1-1: Foul Ball, location: 2F 1-2: Strikes out swinging
|
|
Batting: RHB J.J. Basil
|
0-0: Foul Ball, location: 2F 0-1: Fly out, F8 (Flyball, 8RM, EV 93.1 MPH)
|
| Top of the 6th over - 0 runs, 1 hit, 0 errors, 1 left on base; Detroit 3 - St. Louis 2 |
| BOTTOM OF THE 6TH |
|
St. Louis Cardinals batting - Pitching for Detroit Tigers : RHP Franz Holzknecht
|
|
Batting: LHB Tom Butterbaugh
|
0-0: Ball 1-0: Called Strike 1-1: Foul Ball, location: 2F 1-2: Foul Ball, location: 2F 1-2: DOUBLE (Flyball, 78D, EV 107.5 MPH)
|
|
Batting: RHB Pavpv Ivanushkin
|
0-0: Swinging Strike 0-1: Ball 1-1: Foul Ball, location: 2F 1-2: Foul Ball, location: 2F 1-2: Hit by Pitch
|
|
Batting: SHB Hans Mikkelsen
|
0-0: Ball 1-0: SINGLE (Groundball, 34D, EV 103.8 MPH) Tom Butterbaugh to third Pavpv Ivanushkin to second Runner from 3rd tries for Home, SAFE, throw by RF to home
|
|
Batting: RHB Eric Chotkowski
|
0-0: Called Strike 0-1: Swinging Strike 0-2: Foul Ball, location: 2F 0-2: Strikes out swinging
|
|
Batting: RHB Fabrice Bertin
|
0-0: Called Strike 0-1: Ball 1-1: Called Strike 1-2: Strikes out swinging
|
|
Batting: RHB Terry Baginski
|
0-0: Called Strike 0-1: Foul Ball, location: 2F 0-2: Ball 1-2: Ball 2-2: Ball 3-2: SINGLE (Groundball, 4M, EV 98.1 MPH) Pavpv Ivanushkin to third Hans Mikkelsen to second Pavpv Ivanushkin scores Hans Mikkelsen to third
|
|
Batting: RHB Dustin Clark
|
0-0: Foul Ball, location: 2F 0-1: Ball 1-1: Called Strike 1-2: Strikes out swinging
|
| Bottom of the 6th over - 2 runs, 3 hits, 0 errors, 2 left on base; Detroit 3 - St. Louis 4 |
| TOP OF THE 7TH |
|
Detroit Tigers batting - Pitching for St. Louis Cardinals : RHP Jim Kincaid
|
|
Pitching: LHP Nick Suggett
|
|
|
Batting: LHB Bill Ford
|
0-0: Ground out U3 (Groundball, 34S, EV 92.5 MPH)
|
|
Pitching: LHP Brad Jonas
|
|
|
Batting: RHB Adrian Novakovic
|
0-0: Ball 1-0: Ball 2-0: Called Strike 2-1: Ball 3-1: Called Strike 3-2: SINGLE (Groundball, 56S, EV 64.4 MPH) (infield hit)
|
|
Batting: RHB Dave Reynolds
|
0-0: Called Strike 0-1: Ball 1-1: Grounds into double play, 6-4-3 (Groundball, 6, EV 106.9 MPH)
|
| Top of the 7th over - 0 runs, 1 hit, 0 errors, 0 left on base; Detroit 3 - St. Louis 4 |
| BOTTOM OF THE 7TH |
|
St. Louis Cardinals batting - Pitching for Detroit Tigers : RHP Franz Holzknecht
|
|
Batting: RHB Tenshou Takita
|
0-0: Foul Ball, location: 2F 0-1: SINGLE (Groundball, 34D, EV 101.9 MPH)
|
|
Pitching: LHP Josh Thorpe
|
|
|
Batting: RHB Nick Gentzel
|
0-0: Grounds into double play, 6-4-3 (Groundball, 6, EV 83.8 MPH)
|
|
Batting: LHB Tom Butterbaugh
|
0-0: Foul Ball, location: 2F 0-1: Ball 1-1: Foul Ball, location: 2F 1-2: Foul Ball, location: 2F 1-2: Strikes out swinging
|
| Bottom of the 7th over - 0 runs, 1 hit, 0 errors, 0 left on base; Detroit 3 - St. Louis 4 |
| TOP OF THE 8TH |
|
Detroit Tigers batting - Pitching for St. Louis Cardinals : LHP Brad Jonas
|
|
Batting: RHB Chris Wheatley
|
0-0: Ball 1-0: Ball 2-0: Called Strike 2-1: Swinging Strike 2-2: Ball 3-2: Strikes out swinging
|
|
Batting: RHB Greg Harman
|
0-0: Called Strike 0-1: Ball 1-1: Swinging Strike 1-2: Strikes out swinging
|
|
Batting: RHB Victor Quinones
|
0-0: Ball 1-0: Ground out 6-3 (Groundball, 56, EV 88.8 MPH)
|
| Top of the 8th over - 0 runs, 0 hits, 0 errors, 0 left on base; Detroit 3 - St. Louis 4 |
| BOTTOM OF THE 8TH |
|
St. Louis Cardinals batting - Pitching for Detroit Tigers : LHP Josh Thorpe
|
|
Batting: RHB Pavpv Ivanushkin
|
0-0: Ball 1-0: Called Strike 1-1: Swinging Strike 1-2: Ball 2-2: Strikes out swinging
|
|
Batting: SHB Hans Mikkelsen
|
0-0: Ball 1-0: Ground out 6-3 (Groundball, 6, EV 78.1 MPH)
|
|
Batting: RHB Eric Chotkowski
|
0-0: Ball 1-0: Ball 2-0: Foul Ball, location: 2F 2-1: Fly out, F2 (Popup, 3SF, EV 83.8 MPH)
|
| Bottom of the 8th over - 0 runs, 0 hits, 0 errors, 0 left on base; Detroit 3 - St. Louis 4 |
| TOP OF THE 9TH |
|
Detroit Tigers batting - Pitching for St. Louis Cardinals : LHP Brad Jonas
|
|
Pitching: RHP Bryan Banana
|
|
|
Batting: LHB Brad Turner
|
0-0: Foul Ball, location: 2F 0-1: Ball 1-1: Ball 2-1: Foul Ball, location: 2F 2-2: Foul Ball, location: 2F 2-2: Strikes out looking
|
|
Batting: SHB Ross Holland
|
0-0: Foul Ball, location: 2F 0-1: SOLO HOME RUN (Flyball, 9D, EV 96.9 MPH), Distance : 363 ft
|
|
Pinch Hitting: LHB Tyler Davis
|
0-0: Swinging Strike 0-1: Swinging Strike 0-2: Strikes out swinging
|
|
Batting: LHB Bill Ford
|
0-0: Called Strike 0-1: Ball 1-1: Foul Ball, location: 2F 1-2: Foul Ball, location: 2F 1-2: Strikes out swinging
|
| Top of the 9th over - 1 run, 1 hit, 0 errors, 0 left on base; Detroit 4 - St. Louis 4 |
| BOTTOM OF THE 9TH |
|
St. Louis Cardinals batting - Pitching for Detroit Tigers : LHP Josh Thorpe
|
|
Now at 3B: Ryan Neal
|
|
|
Batting: RHB Fabrice Bertin
|
0-0: Ball 1-0: Foul Ball, location: 2F 1-1: Called Strike 1-2: Foul Ball, location: 2F 1-2: Foul Ball, location: 2F 1-2: Ball 2-2: DOUBLE (Line Drive, 89M, EV 94.4 MPH)
|
|
Batting: RHB Terry Baginski
|
0-0: Ball 1-0: Called Strike 1-1: Swinging Strike 1-2: Ball 2-2: Foul Ball, location: 2F 2-2: Ball 3-2: Foul Ball, location: 2F 3-2: SINGLE (Groundball, 6MD, EV 109.4 MPH) Fabrice Bertin to third Runner from 3rd tries for Home, SAFE, throw by CF to home
|
| Bottom of the 9th over - 1 run, 2 hits, 0 errors, 1 left on base; Detroit 4 - St. Louis 5 |
|